 Dungeon Crawl Stone Soup version 0.20-a0-738-gb057e68 (webtiles) character file.

6751 Vi the Severer (level 10, -6/139 HPs)
             Began as a Minotaur Berserker on Feb 23, 2017.
             Was a High Priest of Trog.
             Mangled by a two-headed ogre
             ... wielding a +0 giant club
              (12 damage)
             ... on level 9 of the Dungeon.
             The game lasted 00:29:19 (9324 turns).

Vi the Severer (Minotaur Berserker)                 Turns: 9324, Time: 00:29:19

Health: -6/139     AC: 15    Str: 30    XL:     10   Next: 75%
Magic:  9/9        EV: 10    Int:  4    God:    Trog [*****.]
Gold:   435        SH:  0    Dex: 10    Spells: 9/9 levels left

rFire    . . .     SeeInvis .   H - +3 trident (curse)
rCold    . . .     Gourm    .   l - +0 plate armour
rNeg     . . .     Faith    +   (no shield)
rPois    .         Spirit   .   (helmet restricted)
rElec    .         Reflect  .   f - +0 cloak
rCorr    .         Harm     .   h - +0 pair of gloves
MR       .....                  (no boots)
Stlth    ..........             s - amulet of faith {Faith, !P}
Regen    0.4/turn               (no ring)
MPRegen  0.2/turn               j - +2 ring of evasion

@: berserking, very quick
A: retaliatory headbutt, horns 2
a: Berserk, Trog's Hand, Brothers in Arms, Burn Spellbooks, Renounce Religion


You were on level 9 of the Dungeon.
You worshipped Trog.
Trog was extremely pleased with you.
You were not hungry.

You visited 1 branch of the dungeon, and saw 10 of its levels.
You also visited: Sewer and Ossuary.

You collected 578 gold pieces.
You spent 143 gold pieces at shops.

Inventory:

Hand Weapons
 b - a +1 antimagic executioner's axe
   (Trog gifted it to you in an ossuary)
 d - a +1 great sword of flaming
   (You took it off a wight on level 9 of the Dungeon)
 H - a cursed +3 trident (weapon)
   (You took it off a wight on level 8 of the Dungeon)
 L - a +6 antimagic battleaxe
   (Trog gifted it to you on level 10 of the Dungeon)
Armour
 f - a +0 cloak (worn)
   (You took it off Crazy Yiuf on level 3 of the Dungeon)
 h - a +0 pair of gloves (worn)
   (You found it on level 1 of the Dungeon)
 l - a +0 plate armour (worn)
   (You found it on level 2 of the Dungeon)
Jewellery
 j - a +2 ring of evasion (left hand)
   (You found it on level 1 of the Dungeon)
 s - an amulet of faith (around neck) {Faith, !P}
   (You found it on level 3 of the Dungeon)
Wands
 u - a wand of digging (13/24)
   (You took it off Natasha on level 2 of the Dungeon)
 w - a wand of acid (10/15)
   (You found it on level 5 of the Dungeon)
 y - a wand of paralysis (11/24)
   (You found it on level 5 of the Dungeon)
 E - a wand of flame (18/48)
   (You found it on level 7 of the Dungeon)
 I - a wand of iceblast (4/15)
   (You found it on level 7 of the Dungeon)
Scrolls
 a - a scroll of vulnerability {unknown}
 k - 9 scrolls of identify
 m - a scroll of noise {unknown}
 n - a scroll of immolation {unknown}
 o - 3 scrolls of teleportation
 t - 2 scrolls of magic mapping {unknown}
 v - a scroll of recharging {unknown}
 A - a scroll of fog {unknown}
 B - a scroll of enchant armour {unknown}
Potions
 e - 5 potions of brilliance
 g - 6 potions of might
 i - 2 potions of invisibility
 p - 2 potions of flight
 q - 6 potions of curing
 r - 4 potions of heal wounds
 x - 3 potions of haste
 C - 3 potions of ambrosia {unknown}
 F - a potion of lignification {unknown}
 G - a potion of agility {unknown}
Comestibles
 c - 4 bread rations {@e1}
 D - 2 meat rations {@e2}
 J - 8 royal jellies


   Skills:
 - Level 10.0 Fighting
 * Level 15.6 Axes
 + Level 6.7 Armour
 - Level 2.1 Dodging


You had 9 spell levels left.
You didn't know any spells.

Dungeon Overview and Level Annotations

Branches:
Dungeon (10/15)            Temple (0/1) D:7            Lair (0/6) D:9
    Orc: D:9-12

Altars:
Ashenzari
Kikubaaqudgha
Makhleb
Okawaru
Qazlal
Ru
Sif Muna
Uskayaw
Xom
Yredelemnul
The Shining One

Shops:
D:5 *   D:6 %


Innate Abilities, Weirdness & Mutations

You reflexively headbutt those who attack you in melee.
You have a pair of horns on your head.


Message History

Something hits you. Something hits you. Something hits you but does no damage.
There is an open door here.
Something hits you but does no damage.
You miss something. You headbutt something!
Something hits you but does no damage. Something hits you!
You puncture something! Something hits you but does no damage.
Something hits you. Something hits you but does no damage.
There is an open door here.
Something hits you but does no damage. Something hits you but does no damage.
There is an open door here.
Something hits you but does no damage.
You hit something but do no damage. You headbutt something.
Something hits you but does no damage. Something hits you.
You miss something. You headbutt something!
Something hits you but does no damage. Something hits you.
You miss something. Your headbutt misses something. Something hits you.
Your plate armour prevents you from hitting something.
Something hits you. Something hits you but does no damage.
Your plate armour prevents you from hitting something.
Something hits you but does no damage. Something hits you but does no damage.
There is an open door here.
You barely miss something. Something hits you.
Something hits you but does no damage. x2
Something hits you!
* * * LOW HITPOINT WARNING * * *
There is an open door, spattered with blood here.
Something hits you.
* * * LOW HITPOINT WARNING * * *
Something hits you but does no damage. Something hits you but does no damage.
There is an open door, spattered with blood here.
You hit something but do no damage. Something hits you but does no damage.
Something hits you.
* * * LOW HITPOINT WARNING * * *
Something is blocking the doorway!
Something hits you but does no damage. Something hits you but does no damage.
Something hits you.
* * * LOW HITPOINT WARNING * * *
There is an open door, spattered with blood here.
Something hits you but does no damage.
You close the door.
You start resting.
You are feeling hungry.
Something hits you but does no damage. x2
You completely miss something. Something hits you but does no damage.
You closely miss something. You headbutt something. Something hits you.
Put on which piece of jewellery? (? for menu, Esc to quit)
Okay, then.
Something hits you but does no damage. Something hits you but does no damage.
Something hits you. Something hits you. Something hits you but does no damage.
Something hits you! Something hits you. Something hits you.
Something hits you but does no damage. Something hits you but does no damage.
There is an escape hatch in the ceiling here.
Something completely misses you. A mysterious force pulls you upwards.
The hatch slams shut behind you.
You start resting.
There is a stone staircase leading up here.
You climb upwards.
There is a stone staircase leading down here.
You start resting.
You are feeling very hungry.
You eat one of the 9 royal jellies.
That royal jelly was delicious!
You climb downwards.
The two-headed ogre hits you with a giant club!!
The two-headed ogre hits you with a giant club.
There is a stone staircase leading up, spattered with blood here.
You are too injured to fight recklessly!
You are too injured to fight recklessly!
You are too injured to fight recklessly!
You puncture the two-headed ogre! You barely miss the two-headed ogre.
Your headbutt misses the two-headed ogre.
The two-headed ogre barely misses you. x2
You completely miss the two-headed ogre.
You hit the two-headed ogre.
The two-headed ogre hits you with a giant club!!
The two-headed ogre hits you with a giant club!
* * * LOW HITPOINT WARNING * * *
A red film seems to cover your vision as you go berserk!
You feel yourself moving faster!
You feel mighty!
You feel a lot more hungry.
The two-headed ogre hits you with a giant club!
* * * LOW HITPOINT WARNING * * *
The two-headed ogre barely misses you.
You puncture the two-headed ogre! You barely miss the two-headed ogre.
You headbutt the two-headed ogre! You puncture the two-headed ogre!
The two-headed ogre hits you with a giant club!
* * * LOW HITPOINT WARNING * * *
The two-headed ogre hits you with a giant club!
You die...

# #. ..# #.#.### #.#
############### #.#...###.###
#.......).....# #..##........
#.......).....# #...#...#.##.
###.............#####.....#......
..'.............+ ...............
###.............####....#<#.##.##
# #.............@..##.#...#.##.##
###..............O..........)....
..'.............+..?....O.####.##
###.............####..#...## #.#
####.########.# #..#.#..# #.# #.#
#.# #....#..###.# #.#
#.####...##...##.# #)#
#+##.O......(.##.# #.#
..........#.#+#.#(##. #


You could see a two-headed ogre.

Vanquished Creatures
  A two-headed ogre (D:9)
  A queen bee (D:9)
  A hippogriff (D:7)
  Sigmund (D:2)
  2 hell hounds (D:9)
  5 orc warriors
  3 sky beasts
  A necrophage (D:8)
  5 ogres
  A black bear (D:7)
  2 centaurs
  3 ice beasts
  A big kobold (Sewer)
  6 bullfrogs
  3 scorpions
  20 killer bees (D:9)
  10 wights
  A vampire bat (D:5)
  2 howler monkeys (D:7)
  3 crimson imps
  3 hounds
  2 jellies
  Crazy Yiuf (D:3)
  5 orc priests
  4 bullfrog skeletons
  A centaur skeleton (D:4)
  8 orc wizards
  8 worker ants
  Natasha (thrice) (D:2)
  Terence (D:3)
  2 killer bee zombies
  8 mummies (Ossuary)
  Robin (D:2)
  4 gnolls (D:5)
  A howler monkey skeleton (D:5)
  9 adders
  2 river rats (D:3)
  A shadow imp (D:9)
  2 oozes (D:1)
  2 adder zombies (D:6)
  13 worms
  A dart slug (D:3)
  6 leopard geckos
  31 orcs
  5 ball pythons
  4 bats
  4 bat skeletons (D:5)
  3 bat zombies (D:5)
  5 giant cockroaches
  2 gnoll zombies (Ossuary)
  13 goblins
  11 hobgoblins
  2 jackals (D:7)
  14 kobolds
  3 quokkas
  4 frilled lizards
  A hobgoblin zombie (Ossuary)
  A jackal skeleton (D:5)
  2 kobold zombies (Ossuary)
  2 leopard gecko skeletons
  3 orc zombies (Ossuary)
  A quokka skeleton (D:5)
  13 rats
284 creatures vanquished.

Vanquished Creatures (collateral kills)
  A wight (D:8)
1 creature vanquished.

Grand Total: 285 creatures vanquished

Notes
Turn   | Place    | Note
-------+----------+-------------------------------------------
     0 | D:1      | Vi the Minotaur Berserker began the quest for the Orb.
     0 | D:1      | Reached XP level 1. HP: 19/19 MP: 0/0
   163 | D:1      | Reached skill level 4 in Axes
   165 | D:1      | Reached XP level 2. HP: 21/27 MP: 1/1
   546 | D:2      | Reached XP level 3. HP: 33/33 MP: 2/2
   547 | D:2      | Reached skill level 4 in Fighting
   608 | D:2      | You fall through a shaft for 2 floors!
   657 | D:3      | Found a hide-covered altar of Uskayaw.
   657 | D:3      | Noticed a hand axe
   657 | D:3      | Noticed a dagger
   744 | D:3      | Reached skill level 5 in Axes
   783 | D:3      | Found a burning altar of Makhleb.
   788 | D:3      | Reached XP level 4. HP: 41/41 MP: 3/3
  1069 | D:3      | Found a runed door.
  1210 | D:3      | Reached ** piety under Trog
  1243 | D:3      | Found a glowing drain.
  1260 | Sewer    | Entered a sewer
  1325 | Sewer    | Noticed a big kobold
  1337 | Sewer    | Killed a big kobold
  1337 | Sewer    | Reached skill level 5 in Fighting
  1337 | Sewer    | Reached skill level 6 in Axes
  1337 | Sewer    | Reached XP level 5. HP: 48/48 MP: 4/4
  1734 | D:3      | Noticed Terence
  1743 | D:3      | Killed Terence
  1756 | D:3      | Found an iron altar of Okawaru.
  1785 | D:3      | Found a deep blue altar of Sif Muna.
  2007 | D:2      | Noticed Robin
  2007 | D:2      | Reached *** piety under Trog
  2020 | D:2      | Killed Robin
  2222 | D:2      | Reached skill level 7 in Axes
  2277 | D:2      | Reached XP level 6. HP: 52/56 MP: 5/5
  2337 | D:2      | Noticed Sigmund
  2345 | D:2      | Killed Sigmund
  2385 | D:2      | Reached skill level 6 in Fighting
  2510 | D:2      | Noticed Natasha
  2521 | D:2      | Killed Natasha
  2595 | D:2      | Noticed Natasha
  2595 | D:2      | Killed Natasha
  2595 | D:2      | Reached skill level 8 in Axes
  2622 | D:2      | Noticed Natasha
  2633 | D:2      | Killed Natasha
  2633 | D:2      | Reached XP level 7. HP: 59/63 MP: 6/6
  2860 | D:3      | Noticed Crazy Yiuf
  2867 | D:3      | Killed Crazy Yiuf
  3023 | D:4      | Found a sacrificial altar of Ru.
  3026 | D:4      | Got a sapphire-encrusted leather armour
  3042 | D:4      | Identified the +0 leather armour of Calculation {rElec MR+ Regen+} (You found it on level 4 of the Dungeon)
  3126 | D:4      | Found a glowing golden altar of the Shining One.
  3249 | D:4      | Found a shattered altar of Ashenzari.
  3385 | D:5      | Entered Level 5 of the Dungeon
  3452 | D:5      | Reached skill level 9 in Axes
  3491 | D:5      | Reached **** piety under Trog
  3491 | D:5      | Reached skill level 7 in Fighting
  3505 | D:5      | Found Ruihyl's General Store.
  3512 | D:5      | Bought a scroll of teleportation for 33 gold pieces
  3512 | D:5      | Bought a potion of haste for 110 gold pieces
  3622 | D:5      | Found a stormy altar of Qazlal.
  3657 | D:5      | Reached XP level 8. HP: 73/73 MP: 7/7
  3675 | D:5      | Found an ancient bone altar of Kikubaaqudgha.
  3871 | D:5      | Reached skill level 10 in Axes
  4053 | D:6      | Reached skill level 8 in Fighting
  4208 | D:6      | Found Pynluicw's Food Emporium.
  4231 | D:6      | Reached skill level 11 in Axes
  4737 | D:7      | Reached ***** piety under Trog
  4739 | D:7      | Reached XP level 9. HP: 62/82 MP: 8/8
  4769 | D:7      | Reached skill level 9 in Fighting
  4769 | D:7      | Reached skill level 12 in Axes
  5816 | D:7      | Found a staircase to the Ecumenical Temple.
  5878 | D:8      | Reached skill level 13 in Axes
  5981 | D:8      | HP: 20/85 [wight/morningstar of freezing (7)]
  6250 | D:8      | Reached skill level 10 in Fighting
  6262 | D:8      | Found a sand-covered staircase.
  6270 | Ossuary  | Entered an ossuary
  6322 | Ossuary  | Received a gift from Trog
  6606 | D:8      | Found a shimmering altar of Xom.
  6659 | D:8      | Found a basalt altar of Yredelemnul.
  6663 | D:8      | Reached skill level 3 in Armour
  6902 | D:9      | Found a staircase to the Lair.
  6910 | D:9      | Reached skill level 14 in Axes
  6910 | D:9      | Reached XP level 10. HP: 87/93 MP: 9/9
  6980 | D:9      | Reached skill level 4 in Armour
  7571 | D:9      | Reached skill level 5 in Armour
  7589 | D:9      | HP: 22/93 [killer bee (2)]
  7594 | D:9      | HP: 20/93 [poisoned by a killer bee]
  7600 | D:9      | HP: 17/93 [killer bee (1)]
  7605 | D:9      | HP: 15/93 [poisoned by a killer bee]
  7610 | D:9      | HP: 13/93 [poisoned by a killer bee]
  7617 | D:9      | HP: 13/93 [poisoned by a killer bee]
  7982 | D:9      | Reached skill level 15 in Axes
  8019 | D:9      | Noticed a two-headed ogre
  8028 | D:9      | HP: 17/139 [two-headed ogre/giant club (20)]
  8031 | D:9      | Killed a two-headed ogre
  8031 | D:9      | Reached skill level 6 in Armour
  8173 | D:9      | Noticed a two-headed ogre
  8444 | D:10     | Entered Level 10 of the Dungeon
  8532 | D:10     | Received a gift from Trog
  8967 | D:10     | HP: 20/93 [something (8)]
  8973 | D:10     | HP: 12/93 [something (6)]
  9320 | D:9      | HP: 18/93 [two-headed ogre/giant club (16)]
  9324 | D:9      | HP: 6/139 [two-headed ogre/giant club (12)]
  9324 | D:9      | Mangled by a two-headed ogre

Vault maps used:
D:1:      matt_arrival_los_fun
D:2:      uniq_natasha, uniq_sigmund, uniq_robin
D:3:      kennysheep_okawaru_gauntlet, led_sif_pool,
          makhleb_blood_cavern_becter, dancing_weapons_uskayaw,
          gup_sewer_entry_bubbles, first_bread, uniq_terence,
          uniq_crazy_yiuf_cottage
D:4:      tso_metal_star, lemuel_doored_altar, nicolae_ru_awakened_eye
D:5:      kennysheep_vampire_church, serial_shops,
          nicolae_shop_temple_entry_statues_fountains, lemuel_tele_altar
D:6:      serial_shops, nicolae_shop_statue_plus
D:7:      minmay_temple_entry_fiery, corexii_leaking_fountain
D:8:      tgw_xom, yredelemnul_altar_generic, chequers_ossuary_entry_cave
D:9:      kennysheep_mini, minmay_lair_entry_lava, david_nohive_1, centaur_isle
Sewer:    sewer_co_15_rooms
Ossuary:  ossuary_tomb_3

Skill      XL: |  1  2  3  4  5  6  7  8  9 10 |
---------------+-------------------------------+-----
Axes           | 4 5 6 7 8 9 11 14 15 | 15.6
Fighting       | 4 5 6 7 8 10 | 10.0
Armour         | 3 6 |  6.7
Dodging        | |  2.1

Action                   |  1- 3 |  4- 6 |  7- 9 | 10-12 || total
-------------------------+-------+-------+-------+-------++-------
Melee: Hand axe          |    71 |   225 |   223 |       ||   519
       Headbutt          |    12 |    25 |    83 |    31 ||   151
       Trident           |       |       |   113 |   191 ||   304
       War axe           |       |       |    53 |       ||    53
       Whip              |       |       |    52 |       ||    52
Invok: Berserk           |       |     3 |     8 |     3 ||    14
       Trog's Hand       |       |       |     2 |     1 ||     3
       Burn Spellbooks   |       |       |     1 |     2 ||     3
       Brothers in Arms  |       |       |     1 |     1 ||     2
  Use: Potion            |       |       |     8 |     1 ||     9
       Scroll            |       |       |     7 |       ||     7
  Eat: Chunk             |       |     9 |    20 |     1 ||    30
       Bread ration      |       |       |     1 |     1 ||     2
       Royal jelly       |       |       |       |     2 ||     2
Armor: Animal skin       |    12 |       |       |       ||    12
       Plate armour      |    15 |   122 |   241 |   141 ||   519
       Chain mail        |     8 |       |       |       ||     8
Dodge: Dodged            |    27 |    77 |   183 |    92 ||   379

Vault maps used:
D:1:      matt_arrival_los_fun
D:2:      uniq_natasha, uniq_sigmund, uniq_robin
D:3:      kennysheep_okawaru_gauntlet, led_sif_pool,
          makhleb_blood_cavern_becter, dancing_weapons_uskayaw,
          gup_sewer_entry_bubbles, first_bread, uniq_terence,
          uniq_crazy_yiuf_cottage
D:4:      tso_metal_star, lemuel_doored_altar, nicolae_ru_awakened_eye
D:5:      kennysheep_vampire_church, serial_shops,
          nicolae_shop_temple_entry_statues_fountains, lemuel_tele_altar
D:6:      serial_shops, nicolae_shop_statue_plus
D:7:      minmay_temple_entry_fiery, corexii_leaking_fountain
D:8:      tgw_xom, yredelemnul_altar_generic, chequers_ossuary_entry_cave
D:9:      kennysheep_mini, minmay_lair_entry_lava, david_nohive_1, centaur_isle
Sewer:    sewer_co_15_rooms
Ossuary:  ossuary_tomb_3

Table legend:
 A = Turns spent in this place as a percentage of turns spent in the entire game.
 B = Non-inter-level travel turns spent in this place as a percentage of non-inter-level travel turns spent in the entire game.
 C = Inter-level travel turns spent in this place as a percentage of turns spent in this place.
 D = Turns resting spent in this place as a percentage of non-inter-level travel turns spent in this place.
 E = Turns spent auto-exploring this place as a percentage of non-inter-level travel turns spent in this place.
 F = Non-inter-level travel turns spent in this place divided by the number of levels of this place that you've seen.
                   A       B       C       D       E      F
               +-------+-------+-------+-------+-------+----------------------
         Total | 100.0 | 100.0 |   2.9 |   2.2 |  11.6 | 210.3
       Dungeon |  90.3 |  90.0 |   3.2 |   2.3 |  11.7 | 227.2
         Sewer |   7.1 |   7.3 |   0.0 |   1.1 |  10.3 | 184.0
       Ossuary |   2.6 |   2.7 |   0.0 |   0.0 |  10.3 |  68.0
               +-------+-------+-------+-------+-------+----------------------

Table legend:
 A = Kills in this place as a percentage of kills in entire the game.
 B = Kills by you in this place as a percentage of kills by you in the entire game.
 C = Kills by friends in this place as a percentage of kills by friends in the entire game.
 D = Other kills in this place as a percentage of other kills in the entire game.
 E = Experience gained in this place as a percentage of experience gained in the entire game.
 F = Experience gained in this place divided by the number of levels of this place that you have seen.
                   A       B       C       D       E      F
               +-------+-------+-------+-------+-------+----------------------
         Total | 100.0 | 100.0 | 100.0 |  -nan | 100.0 | 803.8
       Dungeon |  86.7 |  86.6 | 100.0 |  -nan |  97.0 | 935.3
         Sewer |   7.7 |   7.7 |   0.0 |  -nan |   1.4 | 138.0
       Ossuary |   5.6 |   5.6 |   0.0 |  -nan |   1.6 | 154.0
               +-------+-------+-------+-------+-------+----------------------
